Map: Lost and Found LE

Players

TheKlye

  • Race: Protoss Protoss
  • League: Diamond
  • Spawn Location: 1:00

Buksna - Winner!

  • Race: Zerg Zerg
  • Spawn Location: 7:00

VOD

Have the link to the VOD?

Description

Time

  • Played on: June 5, 2018, 9:35 p.m.
  • Length: 21:13
Show
View Real Time Build Order
Export as new Build Order

TheKlye Protoss 

Build Orders: Nexus First 

Get SALT Encoding   

  12  0:03  Probe  
  13  0:15  Probe  
  14  0:22  Pylon  
  14  0:27  Probe  
  15  0:36  Probe  
  16  0:44  Probe  
  17  0:54  Probe  
  18  1:05  Nexus  
  18  1:08  Probe  
  19  1:20  Probe  
  20  1:28  Forge  
  20  1:30  Gateway  
  20  1:33  Probe  
  21  1:58  Probe, Pylon  
  21  2:01  Assimilator  
  22  2:05  Assimilator  
  22  2:07  Pylon  
  22  2:10  Probe  
  23  2:16  Probe  
  23  2:18  Probe  
  25  2:24  Probe  
  25  2:26  Probe  
  26  2:33  Probe  
  28  2:37  Probe  
  29  2:46  Photon Cannon  
  29  2:51  Cybernetics Core  
  29  2:55  Photon Cannon  
  29  2:56  Zealot  
  26  3:48  Photon Cannon  
  26  3:53  Pylon  
  26  3:55  Pylon  
  26  3:56  Pylon  
  26  3:58  Probe  
  26  4:02  Probe  
  28  4:06  Probe  
  28  4:08  Warp Gate  
  28  4:10  Probe  
  30  4:23  Robotics Facility, Probe  
  30  4:25  Probe  
  32  4:35  Probe  
  32  4:37  Probe  
  34  4:55  Gateway  
  34  4:56  Gateway  
  34  4:57  Gateway  
  34  4:58  Probe  
  34  4:59  Pylon, Probe  
  34  5:06  Probe  
  36  5:07  Probe  
  38  5:14  Observer  
  38  5:15  Probe  
  38  5:16  Probe  
  41  5:27  Protoss Ground Weapons Level 1, Probe  
  42  5:46  Immortal  
  42  6:18  Immortal  
  36  6:20  Gateway x2  
  36  6:22  Gateway  
  28  7:15  Immortal  
  23  7:24  Stalker  
  21  8:50  Nexus  
  20  9:04  Nexus  
  20  9:30  Nexus  
Show
View Real Time Build Order
Export as new Build Order

Buksna Zerg - Winner!

Build Orders: Hatch First 

Get SALT Encoding   

  12  0:01  Drone  
  13  0:12  Overlord  
  13  0:16  Drone  
  14  0:31  Drone x2  
  16  0:37  Drone  
  17  0:53  Hatchery  
  17  0:55  Drone  
  17  0:57  Drone  
  18  1:08  Extractor  
  17  1:12  Spawning Pool  
  17  1:15  Drone  
  18  1:18  Drone  
  18  1:28  Drone  
  19  1:38  Drone  
  20  1:53  Overlord  
  20  1:59  Queen  
  22  2:04  Queen  
  22  2:05  Zergling x4  
  26  2:17  Drone x2  
  26  2:19  Metabolic Boost  
  26  2:21  Drone  
  29  2:26  Drone  
  30  2:34  Drone  
  31  2:42  Overlord  
  31  2:57  Hatchery  
  30  3:05  Overlord  
  30  3:06  Drone x4  
  34  3:13  Drone x4  
  38  3:25  Drone x2  
  40  3:31  Drone  
  41  3:34  Drone  
  40  3:46  Hatchery  
  39  3:49  Drone x4, Roach Warren  
  39  3:53  Extractor  
  41  4:01  Queen  
  43  4:04  Lair, Extractor  
  43  4:05  Drone x3  
  45  4:10  Drone x2  
  45  4:14  Queen  
  49  4:31  Drone x2  
  49  4:33  Drone x2  
  49  4:34  Overlord x2, Drone x4  
  57  4:57  Evolution Chamber  
  57  4:58  Evolution Chamber  
  55  5:00  Roach  
  55  5:01  Queen  
  59  5:09  Glial Reconstitution  
  59  5:12  Roach  
  61  5:16  Overlord  
  61  5:18  Drone x5  
  66  5:24  Roach  
  66  5:28  Zerg Ground Armor Level 1, Zerg Missile Weapons Level 1  
  68  5:30  Drone x3  
  68  5:31  Drone x3  
  68  5:32  Drone x6, Extractor  
  81  5:35  Roach  
  81  5:36  Overlord x2  
  81  6:05  Roach x3  
  87  6:12  Drone x5  
  87  6:13  Overlord x2  
  87  6:16  Extractor  
  91  6:18  Hydralisk Den  
  90  6:28  Drone x2  
  92  6:43  Spine Crawler x2  
  92  6:44  Drone  
  91  6:58  Overlord  
  91  7:00  Roach x2  
  93  7:02  Muscular Augments  
  91  7:14  Zergling x2  
  84  7:36  Roach x2  
  88  7:55  Spine Crawler  
  87  7:59  Zerg Missile Weapons Level 2  
  87  8:00  Zerg Ground Armor Level 2  
  87  8:01  Overlord, Drone  
  87  8:02  Roach x3  
  87  8:03  Roach x9  
  87  8:04  Roach x3  
  118  8:08  Overlord x5  
  118  8:20  Drone x3  
  121  8:35  Overlord, Hydralisk  
  121  8:36  Hydralisk x12  
  147  8:47  Spine Crawler  
  147  8:48  Ravager, Spine Crawler  
  145  8:49  Ravager x5  
  145  8:50  Overlord x2, Spine Crawler  
  145  8:51  Overlord  
  150  8:55  Hatchery  
  150  8:59  Hatchery  
  148  9:58  Extractor  
  147  10:09  Pneumatized Carapace  
  147  10:23  Ravager x5  
  152  10:32  Grooved Spines  
  152  11:03  Infestation Pit  
  151  13:06  Infestor x3  
  157  15:47  Drone x5  
  157  15:48  Drone x2  
Tags
 
Add a new tag
Caveats
  • Supply blocks, unpowered buildings, or Contaminate may cause inaccurate times.
  • Supply counts are checked every 10 seconds.